TOP OF THE 1ST |
Santa Fe Diablos batting - Pitching for West Virginia Power : RHP Enrique Rúbio
|
Pitching: RHP Enrique Rúbio
|
|
Batting: RHB Henning Huisman
|
0-0: Called Strike 0-1: Ball 1-1: Ground out U3 (Groundball, 3S)
|
Batting: RHB Robert Johnson
|
0-0: Called Strike 0-1: Ball 1-1: Ball 2-1: Called Strike 2-2: Ball 3-2: Base on Balls
|
Batting: RHB Randy Sheppard
|
0-0: Called Strike 0-1: Ball 1-1: SINGLE (Flyball, 78S) Robert Johnson to second
|
Batting: SHB António Hernández
|
0-0: Called Strike 0-1: Ball 1-1: Ball 2-1: SINGLE (Line Drive, 6MD) Robert Johnson to third Randy Sheppard to second
|
Batting: RHB Wallace Greene
|
0-0: Called Strike 0-1: Ball 1-1: Foul Ball, location: 2F 1-2: Ball Passed Ball! Robert Johnson scores Randy Sheppard to third António Hernández to second 2-2: Ball 3-2: Ground out 1-3 (Groundball, 13S)
|
Batting: RHB Arnold Harmon
|
0-0: Ball 1-0: Ball 2-0: Called Strike 2-1: Foul Ball, location: 2F 2-2: Foul Ball, location: 2F 2-2: Strikes out swinging
|
Top of the 1st over - 1 run(s), 2 hit(s), 0 error(s), 2 left on base; Santa Fe 1 - West Virginia 0 |
BOTTOM OF THE 1ST |
West Virginia Power batting - Pitching for Santa Fe Diablos : RHP Darryl Carter
|
Pitching: RHP Darryl Carter
|
|
Batting: RHB Alfonso Huertas
|
0-0: Ball 1-0: Called Strike 1-1: DOUBLE (Groundball, 5L)
|
Batting: RHB Eric Johnson
|
0-0: Ball 1-0: Called Strike 1-1: Ball 2-1: Ball 3-1: Swinging Strike 3-2: Base on Balls
|
Batting: RHB Vicente Torres
|
0-0: Called Strike 0-1: Fly out, F8 (Flyball, 8LD) Runner from 2nd tags up, SAFE at 3rd, no throw
|
Batting: RHB Cristián Herrera
|
0-0: Called Strike 0-1: Called Strike 0-2: Ball 1-2: Ball 2-2: Strikes out swinging
|
Batting: LHB Jesús Ángel
|
0-0: Ball 1-0: Fly out, F5 (Popup, 5S)
|
Bottom of the 1st over - 0 run(s), 1 hit(s), 0 error(s), 2 left on base; Santa Fe 1 - West Virginia 0 |
TOP OF THE 2ND |
Santa Fe Diablos batting - Pitching for West Virginia Power : RHP Enrique Rúbio
|
Batting: RHB Ánibal Gonzáles
|
0-0: Called Strike 0-1: Foul Ball, location: 2F 0-2: Foul Ball, location: 2F 0-2: Foul Ball, location: 2F 0-2: Strikes out swinging
|
Batting: LHB Don Soper
|
0-0: Ball 1-0: SINGLE (Flyball, 6MD)
|
Batting: RHB Keith Jones
|
0-0: Ball 1-0: Called Strike 1-1: Foul Ball, location: 2F 1-2: Ball 2-2: Ball 3-2: Strikes out looking
|
Batting: RHB Henning Huisman
|
0-0: Ball 1-0: Swinging Strike 1-1: Swinging Strike 1-2: Ball 2-2: Foul Ball, location: 2F 2-2: Strikes out swinging
|
Top of the 2nd over - 0 run(s), 1 hit(s), 0 error(s), 1 left on base; Santa Fe 1 - West Virginia 0 |
BOTTOM OF THE 2ND |
West Virginia Power batting - Pitching for Santa Fe Diablos : RHP Darryl Carter
|
Batting: RHB Rubén Ayala
|
0-0: Ball 1-0: Swinging Strike 1-1: Ball 2-1: Ball 3-1: Foul Ball, location: 2F 3-2: Base on Balls
|
Batting: LHB Ernie Jackson
|
0-0: Ball 1-0: Ball 2-0: Ball 3-0: Called Strike 3-1: Base on Balls Rubén Ayala to second
|
Batting: RHB Wilson Gonzáles
|
0-0: Ball 1-0: Ball 2-0: Ground out 5-3 (Groundball, 56S) Rubén Ayala to third Ernie Jackson to second
|
Batting: RHB Jorge Ramírez
|
0-0: Called Strike 0-1: Ground out 5-3 (Groundball, 56) Rubén Ayala scores
|
Batting: RHB Alfonso Huertas
|
0-0: Called Strike 0-1: Ball 1-1: Ball 2-1: Fly out, F8 (Flyball, 8RM)
|
Bottom of the 2nd over - 1 run(s), 0 hit(s), 0 error(s), 1 left on base; Santa Fe 1 - West Virginia 1 |
TOP OF THE 3RD |
Santa Fe Diablos batting - Pitching for West Virginia Power : RHP Enrique Rúbio
|
Batting: RHB Robert Johnson
|
0-0: Ball 1-0: Foul Ball, location: 2F 1-1: SINGLE (Popup, 13S)
|
Batting: RHB Randy Sheppard
|
0-0: Grounds into double play, 6-4-3 (Groundball, 6M)
|
Batting: SHB António Hernández
|
0-0: Ball 1-0: Ball 2-0: Ball 3-0: Base on Balls
|
Batting: RHB Wallace Greene
|
0-0: Called Strike 0-1: Foul Ball, location: 2F 0-2: Strikes out swinging
|
Top of the 3rd over - 0 run(s), 1 hit(s), 0 error(s), 1 left on base; Santa Fe 1 - West Virginia 1 |
BOTTOM OF THE 3RD |
West Virginia Power batting - Pitching for Santa Fe Diablos : RHP Darryl Carter
|
Batting: RHB Eric Johnson
|
0-0: Called Strike 0-1: Ball 1-1: Fly out, F7 (Line Drive, 7M)
|
Batting: RHB Vicente Torres
|
0-0: Called Strike 0-1: Called Strike 0-2: Ball 1-2: Ground out 6-3 (Groundball, 6)
|
Batting: RHB Cristián Herrera
|
0-0: SINGLE (Groundball, 6M)
|
Batting: LHB Jesús Ángel
|
0-0: Ball 1-0: Fly out, F6 (Line Drive, 6M)
|
Bottom of the 3rd over - 0 run(s), 1 hit(s), 0 error(s), 1 left on base; Santa Fe 1 - West Virginia 1 |
TOP OF THE 4TH |
Santa Fe Diablos batting - Pitching for West Virginia Power : RHP Enrique Rúbio
|
Batting: RHB Arnold Harmon
|
0-0: Ball 1-0: SINGLE (Line Drive, 4M)
|
Batting: RHB Ánibal Gonzáles
|
0-0: Ball 1-0: Ball Arnold Harmon steals 2nd base 2-0: SINGLE (Flyball, 89S) Arnold Harmon to third
|
Batting: LHB Don Soper
|
0-0: Called Strike 0-1: Swinging Strike 0-2: Strikes out swinging Ánibal Gonzáles steals 2nd base Batter strikes out.
|
Batting: RHB Keith Jones
|
0-0: Fly out, F7 (Flyball, 7M) Runner from 3rd tags up, SCORES, no throw
|
Batting: RHB Henning Huisman
|
0-0: Ball 1-0: DOUBLE (Groundball, 5L) Ánibal Gonzáles scores
|
Batting: RHB Robert Johnson
|
0-0: Ball 1-0: Ball 2-0: Ball 3-0: Called Strike 3-1: TRIPLE (Line Drive, 8RXD) Henning Huisman scores
|
Batting: RHB Randy Sheppard
|
0-0: Ball 1-0: Foul Ball, location: 2F 1-1: Called Strike 1-2: Ground out 1-3 (Groundball, 13)
|
Top of the 4th over - 3 run(s), 4 hit(s), 0 error(s), 1 left on base; Santa Fe 4 - West Virginia 1 |
BOTTOM OF THE 4TH |
West Virginia Power batting - Pitching for Santa Fe Diablos : RHP Darryl Carter
|
Batting: RHB Rubén Ayala
|
0-0: Ground out 6-3 (Groundball, 6D)
|
Batting: LHB Ernie Jackson
|
0-0: Ball 1-0: Ball 2-0: Ball 3-0: Called Strike 3-1: SINGLE (Line Drive, 4MD)
|
Batting: RHB Wilson Gonzáles
|
0-0: Swinging Strike 0-1: Ball 1-1: Grounds into double play, 6-4-3 (Groundball, 6M)
|
Bottom of the 4th over - 0 run(s), 1 hit(s), 0 error(s), 0 left on base; Santa Fe 4 - West Virginia 1 |
TOP OF THE 5TH |
Santa Fe Diablos batting - Pitching for West Virginia Power : RHP Enrique Rúbio
|
Batting: SHB António Hernández
|
0-0: Ball 1-0: Fly out, F8 (Flyball, 8LD)
|
Pitching: RHP Howard Baker
|
|
Batting: RHB Wallace Greene
|
0-0: Fly out, F7 (Line Drive, 7M)
|
Pitching: RHP Juan Herrera
|
|
Batting: RHB Arnold Harmon
|
0-0: Ball 1-0: Ground out U3 (Groundball, 3L)
|
Top of the 5th over - 0 run(s), 0 hit(s), 0 error(s), 0 left on base; Santa Fe 4 - West Virginia 1 |
BOTTOM OF THE 5TH |
West Virginia Power batting - Pitching for Santa Fe Diablos : RHP Darryl Carter
|
Batting: RHB Jorge Ramírez
|
0-0: Called Strike 0-1: Ball 1-1: Ball 2-1: Ball 3-1: Foul Ball, location: 2F 3-2: Base on Balls
|
Batting: RHB Alfonso Huertas
|
0-0: Swinging Strike 0-1: Ball 1-1: Ball 2-1: Foul Ball, location: 2F 2-2: DOUBLE (Line Drive, 7LS) Jorge Ramírez to third
|
Batting: RHB Eric Johnson
|
0-0: Called Strike 0-1: Swinging Strike 0-2: Strikes out swinging
|
Batting: RHB Vicente Torres
|
0-0: Ball 1-0: Fly out, F7 (Line Drive, 7M) Runner from 3rd tags up, SCORES, throw made
|
Batting: RHB Cristián Herrera
|
0-0: Ball 1-0: Called Strike 1-1: Ball 2-1: Foul Ball, location: 2F 2-2: Foul Ball, location: 2F 2-2: Foul Ball, location: 2F 2-2: Foul Ball, location: 2F 2-2: Strikes out looking
|
Bottom of the 5th over - 1 run(s), 1 hit(s), 0 error(s), 1 left on base; Santa Fe 4 - West Virginia 2 |
TOP OF THE 6TH |
Santa Fe Diablos batting - Pitching for West Virginia Power : RHP Juan Herrera
|
Pitching: RHP Cory Lowe
|
|
Batting: RHB Ánibal Gonzáles
|
0-0: Foul Ball, location: 2F 0-1: Ball 1-1: Swinging Strike 1-2: Ball 2-2: Foul Ball, location: 2F 2-2: Ball 3-2: Strikes out looking
|
Batting: LHB Don Soper
|
0-0: Reached on Error, E9 (Flyball, 89M)
|
Batting: RHB Keith Jones
|
0-0: Ball 1-0: Called Strike 1-1: DOUBLE (Line Drive, 9LM) Don Soper to third Runner from 3rd tries for Home, SAFE, no throw or cutoff
|
Batting: RHB Henning Huisman
|
0-0: Called Strike 0-1: Ball 1-1: Called Strike 1-2: Strikes out swinging
|
Batting: RHB Robert Johnson
|
0-0: Called Strike 0-1: Ball 1-1: Ball 2-1: Ball 3-1: Called Strike 3-2: Base on Balls
|
Batting: RHB Randy Sheppard
|
0-0: Ball 1-0: Swinging Strike 1-1: Ball 2-1: Ball 3-1: Base on Balls Keith Jones to third Robert Johnson to second
|
Batting: SHB António Hernández
|
0-0: Called Strike 0-1: Ball 1-1: Ball 2-1: SINGLE (Line Drive, 6MD) Keith Jones scores Robert Johnson to third Randy Sheppard to second Runner from 3rd tries for Home, SAFE, no throw or cutoff
|
Batting: RHB Wallace Greene
|
0-0: Called Strike 0-1: Foul Ball, location: 2F 0-2: Ball 1-2: Foul Ball, location: 2F 1-2: Ball 2-2: Foul Ball, location: 2F 2-2: Ball 3-2: Base on Balls Randy Sheppard to third António Hernández to second
|
Batting: RHB Arnold Harmon
|
0-0: SINGLE (Line Drive, 8RS) Randy Sheppard scores António Hernández to third Wallace Greene to second
|
Batting: RHB Ánibal Gonzáles
|
0-0: Ball 1-0: SINGLE (Flyball, 8LM) António Hernández scores Wallace Greene to third Arnold Harmon to second Runner from 3rd tries for Home, SAFE, no throw or cutoff
|
Batting: LHB Don Soper
|
0-0: Ball 1-0: Called Strike 1-1: Swinging Strike 1-2: Foul Ball, location: 2F 1-2: Foul Ball, location: 2F 1-2: Foul Ball, location: 2F 1-2: Ball 2-2: Strikes out swinging
|
Top of the 6th over - 6 run(s), 4 hit(s), 1 error(s), 2 left on base; Santa Fe 10 - West Virginia 2 |
BOTTOM OF THE 6TH |
West Virginia Power batting - Pitching for Santa Fe Diablos : RHP Darryl Carter
|
Batting: LHB Jesús Ángel
|
0-0: Ball 1-0: Ball 2-0: Called Strike 2-1: Ball 3-1: Ground out 6-3 (Groundball, 6M)
|
Batting: RHB Rubén Ayala
|
0-0: Swinging Strike 0-1: Ball 1-1: Ball 2-1: SINGLE (Line Drive, 6D)
|
Batting: LHB Ernie Jackson
|
0-0: Ball 1-0: Ball 2-0: Foul Ball, location: 2F 2-1: Ball 3-1: Called Strike 3-2: Base on Balls Rubén Ayala to second
|
Pitching: LHP Doug Starks
|
|
Batting: RHB Wilson Gonzáles
|
0-0: Ball 1-0: Ball 2-0: Called Strike 2-1: Ball 3-1: Foul Ball, location: 2F 3-2: Strikes out swinging
|
Batting: RHB Jorge Ramírez
|
0-0: Called Strike 0-1: Fly out, F8 (Line Drive, 8LS)
|
Bottom of the 6th over - 0 run(s), 1 hit(s), 0 error(s), 2 left on base; Santa Fe 10 - West Virginia 2 |
TOP OF THE 7TH |
Santa Fe Diablos batting - Pitching for West Virginia Power : RHP Cory Lowe
|
Batting: RHB Keith Jones
|
0-0: Called Strike 0-1: Foul Ball, location: 2F 0-2: Foul Ball, location: 2F 0-2: Ball 1-2: Foul Ball, location: 2F 1-2: Foul Ball, location: 2F 1-2: Foul Ball, location: 2F 1-2: Foul Ball, location: 2F 1-2: Ball 2-2: Foul Ball, location: 2F 2-2: SINGLE (Line Drive, 4M)
|
Batting: RHB Henning Huisman
|
0-0: Bunted foul 0-1: Bunted foul 0-2: SINGLE (Line Drive, 56) Keith Jones to second
|
Pitching: RHP Ramiro Fernández
|
|
Batting: RHB Robert Johnson
|
0-0: Sac Bunt - play at first, batter OUT! 1-3 Keith Jones to third Henning Huisman to second
|
Batting: RHB Randy Sheppard
|
0-0: Ball 1-0: Ground out 6-3 (Groundball, 6M) Keith Jones scores Henning Huisman to third
|
Batting: SHB António Hernández
|
0-0: Ball 1-0: Foul Ball, location: 2F 1-1: Fly out, F4 (Line Drive, 4)
|
Top of the 7th over - 1 run(s), 2 hit(s), 0 error(s), 1 left on base; Santa Fe 11 - West Virginia 2 |
BOTTOM OF THE 7TH |
West Virginia Power batting - Pitching for Santa Fe Diablos : LHP Doug Starks
|
Batting: RHB Alfonso Huertas
|
0-0: Called Strike 0-1: Called Strike 0-2: Ground out 4-3 (Groundball, 4)
|
Batting: RHB Eric Johnson
|
0-0: Ground out 1-3 (Groundball, 13S)
|
Batting: RHB Vicente Torres
|
0-0: Called Strike 0-1: Ball 1-1: Called Strike 1-2: Strikes out swinging
|
Bottom of the 7th over - 0 run(s), 0 hit(s), 0 error(s), 0 left on base; Santa Fe 11 - West Virginia 2 |
TOP OF THE 8TH |
Santa Fe Diablos batting - Pitching for West Virginia Power : RHP Ramiro Fernández
|
Batting: RHB Wallace Greene
|
0-0: Ground out 4-3 (Groundball, 4)
|
Pinch Hitting: RHB Iván Gonzáles
|
0-0: Called Strike 0-1: Foul Ball, location: 2F 0-2: Strikes out swinging
|
Batting: RHB Ánibal Gonzáles
|
0-0: Ball 1-0: Foul Ball, location: 2F 1-1: Ball 2-1: Swinging Strike 2-2: Ball 3-2: Strikes out swinging
|
Top of the 8th over - 0 run(s), 0 hit(s), 0 error(s), 0 left on base; Santa Fe 11 - West Virginia 2 |
BOTTOM OF THE 8TH |
West Virginia Power batting - Pitching for Santa Fe Diablos : LHP Doug Starks
|
Now at C: Michael Anderson
|
|
Now at 3B: Iván Gonzáles
|
|
Batting: RHB Tyler Baker
|
0-0: SINGLE (Line Drive, 8LS)
|
Batting: LHB Jesús Ángel
|
0-0: Ball 1-0: Swinging Strike 1-1: Grounds into double play, 4-6-3 (Groundball, 4)
|
Batting: RHB Rubén Ayala
|
0-0: Called Strike 0-1: Foul Ball, location: 2F 0-2: Ball 1-2: Foul Ball, location: 2F 1-2: Strikes out swinging
|
Bottom of the 8th over - 0 run(s), 1 hit(s), 0 error(s), 0 left on base; Santa Fe 11 - West Virginia 2 |
TOP OF THE 9TH |
Santa Fe Diablos batting - Pitching for West Virginia Power : RHP Ramiro Fernández
|
Batting: LHB Don Soper
|
0-0: Foul Ball, location: 2F 0-1: Ball 1-1: Ball 2-1: Foul Ball, location: 2F 2-2: SINGLE (Line Drive, 8LS)
|
|